 Dungeon Crawl Stone Soup version 0.29.0-13-gc9e81de378 (webtiles) character file.

Game seed: 3939395222135548409

1614 mortz the Shooter (level 9, -3/62 HPs)
             Began as a Djinni Conjurer on Sept 10, 2022.
             Slain by a wight
             ... wielding a +2 trident
              (9 damage)
             ... on level 9 of the Dungeon.
             The game lasted 00:29:15 (6771 turns).

mortz the Shooter (Djinni Conjurer)                 Turns: 6771, Time: 00:29:16

Health: -3/62      AC:  4    Str:  6    XL:     9   Next: 16%
Gold:   310        EV: 12    Int: 24    God:
                   SH:  0    Dex: 17

rFire   + + .      SeeInvis .   a - +11 sling of Ajuotuwi {flame, Dex+5 Stlth+}
rCold   x . .      Faith    .   (no shield)
rNeg    . . .      Spirit   .   m - +1 leather armour
rPois   ∞          Reflect  .   (no helmet)
rElec   .          Harm     .   (no cloak)
rCorr   .          Rampage  .   (no gloves)
Will    .....                   (boots unavailable)
Stlth   +++.......              (no amulet)
HPRegen 0.20/turn               (no ring)
MPRegen 0.00/turn               (no ring)

@: flying
A: sickness immunity, fire resistance 2, cold vulnerability 1, float, innate
caster, HP casting, extra vitality 1
a: no special abilities


You were on level 9 of the Dungeon.
You visited 1 branch of the dungeon, and saw 7 of its levels.

You collected 310 gold pieces.

Inventory:

Hand Weapons
 a - the +11 sling of Ajuotuwi (weapon) {flame, Dex+5 Stlth+}
   (You found it on level 2 of the Dungeon)

   Any ammunition fired from it burns those it strikes, dealing additional fire
   damage.
   Dex:       It affects your dexterity (+5).
   Stlth:     It makes you more stealthy.
 b - a +1 demon blade
 i - a +0 dagger
 k - a +0 dagger
 p - a +0 hand axe
 v - a +1 hand axe of electrocution
Missiles
 n - 2 throwing nets
Armour
 m - a +1 leather armour (worn)
Magical Staves
 l - a staff of poison
Wands
 w - a wand of roots (7)
 A - a wand of flame (21)
Scrolls
 e - a scroll of enchant weapon
 h - 3 scrolls of blinking
 x - a scroll of enchant armour
 y - a scroll of fear
Potions
 d - 2 potions of lignification {unknown}
 f - a potion of flight {unknown}
 g - a potion of attraction {unknown}
 j - 2 potions of haste
 o - a potion of brilliance {unknown}
 q - 7 potions of curing
 r - 2 potions of heal wounds {unknown}
 s - a potion of magic {unknown}
 t - a potion of experience {unknown}
 u - 2 potions of berserk rage {unknown}
 z - a potion of resistance


   Skills:
 + Level 3.6 Fighting
 + Level 0.1 Long Blades
 + Level 6.1 Ranged Weapons
 + Level 3.1 Armour
 + Level 3.1 Dodging
 + Level 2.4 Stealth
 + Level 5.2 Spellcasting


You couldn't memorise any spells.
You knew the following spells:

 Your Spells              Type           Power      Damage    Failure   Level
a - Magic Dart            Conj           100%       1d8       1%          1
b - Searing Ray           Conj           62%        2d6       2%          2
c - Iskenderun's Mystic   Conj/Tloc      31%        2d8       16%         4
d - Fulminant Prism       Conj/Hex       15%        3d11      16%         4
e - Dazzling Flash        Conj/Hex       62%        N/A       4%          3
f - Freeze                Ice            100%       1d11      1%          1
g - Blink                 Tloc           62%        N/A       2%          2
h - Stone Arrow           Conj/Erth      62%        3d10      4%          3
i - Portal Projectile     Hex/Tloc       62%        N/A       4%          3
Your spell library was empty.

Dungeon Overview and Level Annotations

Branches:
Dungeon (9/15) Zot: 26872
 Temple: D:4-7         Lair: D:8-11         Orc: D:9-12

Altars:
Wu Jian
Yredelemnul
Zin
The Shining One

Annotations:
D:4 1 runed translucent door, 2 transporters, RePankoism's ghost, amateur DsGl
D:8 3 runed translucent doors, RascalDebosk's ghost, novice DsBe


Innate Abilities, Weirdness & Mutations

You are immune to sickness and miasma.
You are immune to poison.
Your flesh is very heat resistant. (rF++)
You are vulnerable to cold. (rC-)
You float through the air rather than walking.
You learn spells naturally, not from books.
Your magical power is your life essence.
You have superior vitality. (+4 MHP)


Message History

Aim: a gnoll sergeant, wielding a +0 trident, wearing a +0 scale mail and wearing a +0 kite shield (severely wounded, 80% to hit)
You shoot a sling bullet.
The sling bullet hits the gnoll sergeant.
The sling bullet burns the gnoll sergeant.
The gnoll sergeant is almost dead.
You hear a shout!
A gnoll comes into view. It is wielding a +0 flail.
The gnoll sergeant hits you from afar with a +0 trident!
* * * LOW HITPOINT WARNING * * *
Fire: a) +11 sling of Ajuotuwi {flame, Dex+5 Stlth+}
Press: ? - help, Q - select action, (/) - cycle Shift-Dir - straight line, f/p - gnoll sergeant
Aim: a gnoll sergeant, wielding a +0 trident, wearing a +0 scale mail and wearing a +0 kite shield (almost dead, 80% to hit)
You shoot a sling bullet.
The sling bullet hits the gnoll sergeant!
The sling bullet burns the gnoll sergeant.
You kill the gnoll sergeant!
A gnoll comes into view. It is wielding a +2 spear of pain.
The gnoll hits you from afar with a +0 spear.
* * * LOW HITPOINT WARNING * * *
You feel better. The gnoll closely misses you.
A gnoll comes into view. It is wielding a +0 spear.
The gnoll hits you from afar with a +0 spear!
* * * LOW HITPOINT WARNING * * *
The gnoll barely misses you. The gnoll attacks as you move away!
The gnoll misses you.
You feel better. The gnoll closely misses you. The gnoll barely misses you.
The gnoll hits you with a +0 flail!
* * * LOW HITPOINT WARNING * * *
The gnoll attacks as you move away! The gnoll closely misses you.
The gnoll attacks as you move away! The gnoll barely misses you.
The gnoll attacks as you move away!
The gnoll closely misses you. 2 wights and 2 yaks come into view. 2 wights and 3 yaks come into view.
A wight is wielding a +4 short sword of freezing.
The yak gores you but does no damage. The gnoll attacks as you move away!
The gnoll closely misses you.
A kobold brigand comes into view.
It is wielding a +0 club and quivering curare-tipped darts.
The wight barely misses you.
The wight hits you from afar with a +2 trident!
You die...

#..K.....#
#...z....#
#.z......#
#........#
##.Y......#
.Y.Y......#
#....zY..#
#.Y...z@.#
######g###
##..# #g.##
#g##
##g#####
#......#
#......#
#......#


You could see 5 yaks, a kobold brigand (asleep), 4 wights and 4 gnolls.

Vanquished Creatures
  Menkaure (D:4)
  An ice beast (D:4)
  A phantom (D:5)
  4 scorpions
  2 necrophages (D:5)
  A gnoll sergeant (D:9)
  5 killer bees (D:8)
  A bullfrog zombie (D:5)
  3 hounds
  A human zombie (D:4)
  3 orc priests
  2 orc wizards (D:4)
  An iguana (D:3)
  A hound zombie (D:5)
  6 gnolls
  A howler monkey skeleton (D:5)
  10 adders
  2 shadow imps
  A white imp (D:5)
  2 ufetubi (D:5)
  An adder zombie (D:5)
  5 worms
  2 dart slugs
  17 orcs
  2 bats
  8 endoplasms
  8 giant cockroaches
  8 goblins
  11 hobgoblins
  10 jackals
  11 kobolds
  4 quokkas
  13 ball pythons
  8 frilled lizards
  A kobold zombie (D:4)
  9 rats
167 creatures vanquished.

Vanquished Creatures (others)
  2 fungi (D:2)
  11 plants
  A withered plant (D:5)
14 creatures vanquished.

Grand Total: 181 creatures vanquished

Notes
Turn   | Place    | Note
-------+----------+-------------------------------------------
     0 | D:1      | mortz the Djinni Conjurer began the quest for the Orb.
     0 | D:1      | mortz set off with the following spells memorised: Magic
                  | Dart, Searing Ray, Dazzling Flash, Fulminant Prism,
                  | Iskenderun's Mystic Blast.
     0 | D:1      | Reached XP level 1. HP: 15/15 MP: 0/0
   290 | D:1      | Reached XP level 2. HP: 14/21 MP: 0/0
   702 | D:1      | Reached XP level 3. HP: 23/25 MP: 0/0
   702 | D:1      | Learned a level 1 spell: Freeze
  1516 | D:2      | Reached XP level 4. HP: 26/31 MP: 0/0
  1528 | D:2      | Identified the +11 sling of Ajuotuwi {flame, Dex+5 Stlth+}
  1806 | D:2      | Reached XP level 5. HP: 24/36 MP: 0/0
  1806 | D:2      | Learned a level 2 spell: Blink
  1906 | D:2      | Found a faded altar of an unknown god.
  2025 | D:2      | Reached skill level 1 in Ranged Weapons
  2582 | D:3      | Reached skill level 2 in Ranged Weapons
  2732 | D:3      | Reached skill level 1 in Fighting
  2752 | D:3      | Reached XP level 6. HP: 42/42 MP: 0/0
  3491 | D:4      | Noticed Menkaure
  3501 | D:3      | HP: 2/42 [iguana (6)]
  3806 | D:4      | Identified the +1 halberd of Roenn {venom, Str+3}
  3819 | D:4      | Found a runed translucent door.
  3819 | D:4      | Noticed a human
  4094 | D:4      | Found a basalt altar of Yredelemnul.
  4145 | D:4      | Reached skill level 3 in Ranged Weapons
  4145 | D:4      | Reached skill level 1 in Armour
  4153 | D:4      | Reached XP level 7. HP: 49/49 MP: 0/0
  4153 | D:4      | Learned a level 3 spell: Stone Arrow
  4176 | D:4      | Killed Menkaure
  4448 | D:4      | Found a transporter.
  4458 | D:4      | Noticed RePankoism's ghost (amateur DsGl)
  4510 | D:4      | Found a transporter.
  4631 | D:4      | Found a glowing golden altar of the Shining One.
  4673 | D:4      | Reached skill level 4 in Ranged Weapons
  5051 | D:4      | Reached XP level 8. HP: 55/55 MP: 0/0
  5062 | D:4      | Found a glowing silver altar of Zin.
  5062 | D:4      | Noticed an angel
  5271 | D:5      | Entered Level 5 of the Dungeon
  5618 | D:5      | Found an ornate altar of the Wu Jian Council.
  5657 | D:5      | Reached skill level 5 in Ranged Weapons
  5684 | D:5      | Reached skill level 5 in Spellcasting
  6176 | D:5      | You are sucked into a shaft and drop 3 floors!
  6187 | D:8      | Found a runed translucent gate.
  6188 | D:8      | Found a runed translucent gate.
  6188 | D:8      | Found a runed translucent gate.
  6255 | D:8      | Reached XP level 9. HP: 29/61 MP: 0/0
  6255 | D:8      | Learned a level 3 spell: Portal Projectile
  6464 | D:8      | Reached skill level 6 in Ranged Weapons
  6628 | D:8      | Noticed RascalDebosk's ghost (novice DsBe)
  6756 | D:9      | HP: 3/62 [gnoll/+0 spear[a gnoll sergeant] (3)]
  6771 | D:9      | Slain by a wight

Illustrated notes

Levels and vault maps discovered:
D:1:      wheals_arrival_linesprint, layout_basic
D:2:      layout_basic, shapermc_ecumenical_altar_mp_urbaneastern,
          minmay_circled_x
D:3:      minmay_wonky_spiral, layout_loops_ring,
          minmay_misc_feat_secret_circle, minmay_shallow_snake_nest
D:4:      layout_rooms, zin_angel, dk_yredelemnul_ordeal, lemuel_doored_altar,
          gammafunk_ghost_gnarly_gnolls, uniq_menkaure
D:5:      layout_cave_pools, amcnicky_altar_gilded, nzn_hepliaklqana_mist_gate,
          serial_undead, serial_undead_e, serial_undead_c, serial_undead_b,
          serial_undead_a, minivault_14
D:8:      layout_cave_pools, gammafunk_ghost_split,
          chequers_serial_rivers_micro_e
D:9:      layout_roguey, marbit_many_paths, lemuel_round_altar

Skill      XL: |  1  2  3  4  5  6  7  8  9 |
---------------+----------------------------+-----
Spellcasting   | 4 5 |  5.2
Ranged Weapons | 2 3 4 5 6 |  6.1
Fighting       | 1 2 3 |  3.6
Armour         | 1 2 3 |  3.1
Stealth        | 2 |  2.4
Dodging        | 3 |  3.1
Long Blades    | |  0.1

Action                   |  1- 3 |  4- 6 |  7- 9 || total
-------------------------+-------+-------+-------++-------
Melee: Demon blade       |     8 |     3 |       ||    11
       Punch             |     1 |       |       ||     1
 Fire: Sling             |       |   118 |   100 ||   218
 Cast: Magic Dart        |    61 |     1 |       ||    62
       Searing Ray       |     2 |     8 |    14 ||    24
       Iskenderun's Myst |       |       |     7 ||     7
  Use: Scroll            |     5 |     3 |     6 ||    14
       Potion            |       |       |     4 ||     4
 Stab: Sleeping          |     1 |       |       ||     1
Armor: Robe              |     3 |     2 |       ||     5
       Leather armour    |       |     7 |    20 ||    27
Dodge: Dodged            |     9 |    39 |    70 ||   118
